 Dungeon Crawl Stone Soup version 0.25-a0-571-gb5e01bddfa (webtiles) character file.

Game seed: 14920209209879332880, levelgen mode: classic

56585 EnegeticOcto the Pandemonic (level 14, 77/135 HPs)
             Began as a Deep Dwarf Fighter on Feb 29, 2020.
             Was a High Priest of Makhleb.
             Quit the game on level 4 of the Snake Pit.
             The game lasted 00:10:32 (11687 turns).

EnegeticOcto the Pandemonic (Deep Dwarf Fighter)   Turns: 11687, Time: 00:10:33

Health: 77/135     AC: 22    Str: 25    XL:     14   Next: 42%
Magic:  0/0        EV:  8    Int:  7    God:    Makhleb [*****.]
Gold:   370        SH: 13    Dex: 12    Spells: 13/13 levels left

rFire    + + .     SeeInvis .   B - +6 war axe of Checks and Balances {vorpal, rN++ Int-2}
rCold    + + .     Gourm    .   F - +1 kite shield {reflect}
rNeg     + + +     Faith    .   C - +0 gold dragon scales
rPois    +         Spirit   .   (no helmet)
rElec    .         Reflect  +   t - scarf {rC+ rF+}
rCorr    .         Harm     .   x - +2 pair of gloves
MR       ++...                  p - +0 pair of boots
Stlth    ..........             (no amulet)
HPRegen  0.00/turn              c - +3 ring of slaying {=R}
MPRegen  0.07/turn              H - ring of poison resistance (curse)

@: mildly poisoned (77 -> 77), non-regenerating
A: damage resistance, heal wounds, negative energy resistance 1, sense
surroundings 2, no regeneration
a: Heal Wounds, Minor Destruction, Lesser Servant of Makhleb, Major Destruction,
Greater Servant of Makhleb, Renounce Religion


You were on level 4 of the Snake Pit.
You worshipped Makhleb.
Makhleb was extremely pleased with you.
You were full.

You visited 4 branches of the dungeon, and saw 22 of its levels.
You also visited: Gauntlet.

You collected 1000 gold pieces.
You spent 630 gold pieces at shops.

Inventory:

Hand Weapons
 w - a +5 vorpal hand axe
 B - the +6 war axe of Checks and Balances (weapon) {vorpal, rN++ Int-2}
   (You found it in a Gauntlet)

   It inflicts extra damage upon your enemies.
   It affects your intelligence (-2).
   It greatly protects you from negative energy.
Armour
 p - a +0 pair of boots (worn)
 t - a scarf of resistance (worn)
 x - a +2 pair of gloves (worn)
 C - +0 gold dragon scales (worn)
 F - a +1 kite shield of reflection (worn)
Jewellery
 b - the amulet "Niwkiomyrr" {Gourm *Slow rElec rF+ Stlth+}
   (You found it in a Gauntlet)

   [amulet of the gourmand]

   It allows you to eat raw meat even when not hungry.
   It protects you from fire.
   It insulates you from electricity.
   It may slow you when you take damage.
   It makes you more stealthy.
 c - a +3 ring of slaying (left hand) {=R}
 H - a cursed ring of poison resistance (right hand)
Wands
 f - a wand of digging (3) {@v2}
 i - a wand of iceblast (19)
 q - a wand of flame (12)
 r - a wand of polymorph (13)
 E - a wand of acid (26) {@v1}
Scrolls
 d - 3 scrolls of fear {unknown}
 g - 7 scrolls of remove curse {@r6}
 l - a scroll of blinking {@r3}
 s - a scroll of enchant weapon
 v - a scroll of immolation {@r4}
 y - 3 scrolls of teleportation {@r2}
 G - a scroll of fog
 I - 2 scrolls of magic mapping {@r5}
Potions
 a - 3 potions of cancellation
 h - a potion of flight {unknown}
 j - 2 potions of stabbing {@q5}
 k - a potion of might {@q3}
 m - 4 potions of resistance {@q6}
 n - 2 potions of haste {@q4}
 u - 4 potions of ambrosia
 z - a potion of mutation {unknown}
 A - a potion of magic {unknown}
 J - a potion of invisibility {unknown}
Miscellaneous
 D - a lamp of fire (inert)
Comestibles
 e - 33 rations
 o - 15 chunks of flesh


   Skills:
 * Level 11.6 Fighting
 * Level 13.4 Axes
 + Level 10.2 Armour
 - Level 9.4 Dodging
 + Level 10.1 Shields
 * Level 14.5 Invocations


You had 13 spell levels left.
You didn't know any spells.
Your spell library was empty.

Dungeon Overview and Level Annotations

Branches:
Dungeon (13/15)            Temple (1/1) D:4            Lair (4/6) D:10
 Shoals (0/4) Lair:4        Snake (4/4) Lair:3          Orc (0/2) D:12
Gauntlet (visited)
 Vaults: D:13-14

Altars:
Ashenzari
Cheibriados
Dithmenos
Elyvilon
Fedhas
Gozag
Hepliaklqana
Kikubaaqudgha
Makhleb
Nemelex Xobeh
Okawaru
Qazlal
Ru
Sif Muna
Trog
Uskayaw
Vehumet
Wu Jian
Xom
Yredelemnul
Zin
The Shining One

Shops:
D:7 =   D:10 *   D:12 *

Annotations:
D:6 exclusion: door


Innate Abilities, Weirdness & Mutations

You are resistant to damage.
You can heal yourself by infusing magical energy.
You resist negative energy. (rN+)
You passively map the area around you.
You do not regenerate.


Message History

A naga warrior is nearby!
A naga warrior is nearby!
The naga warrior hits you from afar with a +0 trident!
There is an open door, spattered with blood here.
The lindwurm roars!
You hear a shout! x2
The naga warrior hits you with a +0 trident.
You block the naga warrior's attack.
You hit the naga warrior.
The naga warrior is lightly wounded.
You block the naga warrior's attack. x2
You slash the naga warrior!
The naga warrior is moderately wounded.
You block the naga warrior's attack. The naga warrior closely misses you.
You slash the naga warrior!
The naga warrior is moderately wounded.
Your gold dragon scales prevents you from hitting the lindwurm.
You block the lindwurm's attack.
The lindwurm claws you but does no damage.
You block the lindwurm's attack. The naga warrior blocks your attack.
The naga warrior is moderately wounded.
You barely miss the lindwurm. The naga warrior spits poison at you.
The splash of poison hits you but does no damage.
You resist.
The lindwurm bites you but does no damage.
The lindwurm claws you.
The lindwurm claws you but does no damage.
You are too injured to fight recklessly!
You are too injured to fight recklessly!
You are too injured to fight recklessly!
You are too injured to fight recklessly!
You are too injured to fight recklessly!
You are too injured to fight recklessly!
You are too injured to fight recklessly!
You are too injured to fight recklessly!
You are too injured to fight recklessly!
You are too injured to fight recklessly!
You are too injured to fight recklessly!
You are too injured to fight recklessly!
You are too injured to fight recklessly!
You are too injured to fight recklessly!
You are too injured to fight recklessly!
There are monsters nearby!
You hit the lindwurm but do no damage. You hit the naga warrior.
You slash the lindwurm!
The lindwurm is moderately wounded.
You slash the naga warrior!
The lindwurm bites you but does no damage.
The lindwurm claws you but does no damage.
The lindwurm claws you. The naga warrior spits poison at you.
The splash of poison hits you. You resist.
You hit the lindwurm.
The lindwurm is moderately wounded.
The naga warrior blocks your attack. You block the lindwurm's attack.
The lindwurm barely misses you.
The lindwurm claws you but does no damage.
You block the naga warrior's attack. The naga warrior grabs you.
The naga warrior constricts you.
A naga ritualist comes into view. It is wielding a +3 dagger of venom.
You slice the lindwurm!!
The lindwurm is almost dead.
You slash the naga warrior! The lindwurm barely misses you.
You block the lindwurm's attack.
The lindwurm claws you but does no damage.
You slice the lindwurm!!
You kill the lindwurm!
Makhleb accepts your kill.
You feel better.
You slash the naga warrior!
The naga warrior hits you but does no damage.
The naga warrior constricts you. The naga ritualist spits poison at you.
The splash of poison hits you but does no damage.
You are poisoned.
You resist.
You escape the naga warrior's grasp.
The naga warrior hits you with a +0 trident!
The naga warrior grabs you. The naga warrior constricts you.
The naga ritualist spits poison at you.
The splash of poison hits you but does no damage.
You resist.
There are monsters nearby!
There are monsters nearby!
There are monsters nearby!
There are monsters nearby!
The naga warrior blocks your attack.
The naga warrior is severely wounded.
The naga warrior spits poison at you.
The splash of poison hits you but does no damage.
You resist. The naga warrior constricts you.
The naga warrior blocks your attack.
The naga warrior is severely wounded.
You slice the naga warrior!!
You kill the naga warrior!
Makhleb accepts your kill.
You feel better.
Things that are here:
a +0 trident; a +0 kite shield Are you sure you want to abandon this character and quit the game? (Confirm with "yes".)

≈ , ≈ ≈ * , , , ,, ≈
, , , ####### , ,,
##.....## ,, , * , ,
####......... , , ≈
≈ *,
*#............,,, ≈
,*,
#####'#..........,,,
≈ ,#≈≈≈@.#..........
, ,, *
*#§§≈..#..........
,,, *,
#≈§§§.##.......... ,
* ,
*#§§§.§##...........
,
≈§§..##..÷.........
, ,, , *
≈≈.N##.....)....## ,
* ≈≈..##......###.##
* ..##.......##..#
.##......####.##


You could see a naga ritualist.

Vanquished Creatures
  Saint Roka (Snake:4)
  2 nagarajas (Snake:4)
  4 naga warriors (Snake:4)
  A catoblepas (Lair:3)
  Erolcha (D:9)
  A rakshasa (D:13)
  2 anacondas
  3 two-headed ogres
  2 naga sharpshooters
  4 shock serpents
  3 salamander mystics
  3 naga ritualists
  A lindwurm (Snake:4)
  5 mana vipers
  A manticore (D:13)
  8 salamanders
  An orc sorcerer (Snake:4)
  An ugly thing (D:13)
  A cyclops (D:11)
  A centaur zombie (D:13)
  12 black mambas
  3 naga magi
  An elephant (D:10)
  A guardian serpent (Snake:4)
  2 spiny frogs
  2 komodo dragons (Lair:2)
  A rime drake (Lair:2)
  2 trolls
  A hornet (D:9)
  4 slime creatures (D:13)
  4 hippogriffs
  Eustachio (D:4)
  A shadow (D:11)
  A spriggan (D:9)
  16 yaks
  3 basilisks
  3 wyverns
  A steam dragon (D:11)
  Edmund (D:4)
  17 nagas
  4 soldier ants (Gauntlet)
  Duvessa (D:7)
  8 water moccasins
  5 porcupines
  2 small abominations (Gauntlet)
  2 ice beasts
  5 orc warriors
  3 phantoms
  5 sky beasts
  2 black bears
  A boggart (Gauntlet)
  5 ogres
  5 centaurs
  7 crocodiles
  A big kobold (D:12)
  A wyvern zombie (D:12)
  9 bullfrogs
  Dowan (D:7)
  A wyvern skeleton (D:10)
  2 scorpions
  8 killer bees (D:7)
  13 wights (D:11)
  2 electric eels (D:11)
  5 howler monkeys
  4 crimson imps
  4 hounds
  A centaur skeleton (D:4)
  A gnoll shaman (D:4)
  9 orc priests
  2 jellies
  11 orc wizards
  3 iguanas
  7 worker ants
  A mummy (D:6)
  2 hound skeletons
  A howler monkey zombie (D:11)
  14 gnolls
  A worker ant zombie (D:11)
  15 adders
  5 shadow imps
  An ooze (D:3)
  An adder skeleton (D:7)
  An adder zombie (D:6)
  A worm (D:2)
  2 dart slugs
  3 leopard geckos (D:4)
  36 orcs
  A ball python (D:4)
  5 bats
  5 giant cockroaches
  2 goblins
  2 hobgoblins
  6 jackals
  3 quokkas
  A frilled lizard (D:2)
  6 kobolds
  A leopard gecko zombie (D:6)
  A quokka zombie (D:5)
  2 rats
382 creatures vanquished.

Vanquished Creatures (collateral kills)
  Rupert (D:13)
  A minotaur (Gauntlet)
  A hydra (Lair:3)
  A queen ant (Gauntlet)
  A black mamba (Lair:3)
  2 large abominations (Gauntlet)
  A naga (Snake:3)
  An ice beast (D:13)
  3 small abominations (Gauntlet)
  An orc (D:13)
  A demonic plant (Gauntlet)
14 creatures vanquished.

Vanquished Creatures (others)
  Erica (D:9)
  2 naga sharpshooters
  A naga mage (Snake:4)
  2 centaurs
  A bullfrog (D:11)
  A wight (D:11)
  2 orcs (Snake:4)
  3 demonic plants (Gauntlet)
  A fungus (Lair:2)
  A plant (Lair:1)
15 creatures vanquished.

Grand Total: 411 creatures vanquished

Notes
Turn   | Place    | Note
-------+----------+-------------------------------------------
     0 | D:1      | EnegeticOcto the Deep Dwarf Fighter began the quest for the
                  | Orb.
     0 | D:1      | Reached XP level 1. HP: 20/20 MP: 1/1
   154 | D:2      | Reached XP level 2. HP: 27/27 MP: 2/2
   159 | D:2      | Found an iron altar of Okawaru.
   273 | D:2      | Reached XP level 3. HP: 24/34 MP: 3/3
   499 | D:3      | Reached skill level 1 in Dodging
   506 | D:3      | Reached XP level 4. HP: 19/42 MP: 4/4
   591 | D:4      | Reached XP level 5. HP: 39/49 MP: 5/5
   786 | D:4      | Reached XP level 6. HP: 51/57 MP: 6/6
   995 | D:4      | Noticed Edmund
  1017 | D:4      | Killed Edmund
  1067 | D:4      | Noticed Eustachio
  1114 | D:4      | Killed Eustachio
  1114 | D:4      | Reached skill level 5 in Axes
  1114 | D:4      | Reached XP level 7. HP: 55/66 MP: 7/7
  1118 | D:4      | Found a staircase to the Ecumenical Temple.
  1127 | Temple   | Entered the Ecumenical Temple
  1299 | D:4      | Found a burning altar of Makhleb.
  1400 | D:4      | Became a worshipper of Makhleb the Destroyer
  1434 | D:5      | Entered Level 5 of the Dungeon
  1613 | D:5      | Reached skill level 1 in Invocations
  1717 | D:5      | Found a stormy altar of Qazlal.
  2000 | D:5      | Reached skill level 5 in Fighting
  2106 | D:5      | Reached skill level 2 in Invocations
  2294 | D:6      | Found a shimmering blue altar of Sif Muna.
  2324 | D:6      | Reached XP level 8. HP: 38/74 MP: 9/9
  2357 | D:6      | Reached skill level 5 in Armour
  2381 | D:6      | Reached skill level 5 in Shields
  2381 | D:6      | Reached skill level 3 in Invocations
  2574 | D:6      | Found a white marble altar of Elyvilon.
  2710 | D:6      | Found a snail-covered altar of Cheibriados.
  2997 | D:7      | Reached * piety under Makhleb
  2997 | D:7      | Reached skill level 4 in Invocations
  3068 | D:7      | Noticed Duvessa
  3128 | D:7      | Noticed Dowan
  3144 | D:7      | Killed Duvessa
  3144 | D:7      | Reached skill level 5 in Invocations
  3144 | D:7      | Gained mutation: You passively map the area around you.
                  | [Deep Dwarf growth]
  3144 | D:7      | Reached XP level 9. HP: 58/82 MP: 7/7
  3160 | D:7      | Killed Dowan
  3232 | D:7      | Found a shadowy altar of Dithmenos.
  3486 | D:7      | Found Cashiutz's Jewellery Shop.
  3547 | D:7      | Found a sacrificial altar of Ru.
  3608 | D:7      | Found a blossoming altar of Fedhas.
  4456 | D:9      | Reached skill level 6 in Invocations
  4506 | D:9      | Reached ** piety under Makhleb
  4535 | D:9      | Reached skill level 5 in Dodging
  4556 | D:9      | Reached skill level 7 in Invocations
  4688 | D:9      | Noticed Erolcha
  4704 | D:9      | Killed Erolcha
  4704 | D:9      | Reached XP level 10. HP: 15/94 MP: 9/9
  4897 | D:9      | Found a radiant altar of Vehumet.
  4988 | D:9      | Noticed Erica
  5021 | D:9      | Killed Erica
  5021 | D:9      | Reached skill level 8 in Invocations
  5283 | D:10     | Entered Level 10 of the Dungeon
  5350 | D:10     | Found Hier's Assorted Antiques.
  5515 | D:10     | Noticed an elephant
  5535 | D:10     | Killed an elephant
  5577 | D:10     | Reached skill level 9 in Invocations
  5581 | D:10     | Found a staircase to the Lair.
  6094 | D:11     | Reached *** piety under Makhleb
  6094 | D:11     | Reached XP level 11. HP: 68/103 MP: 8/8
  6506 | D:11     | Noticed a two-headed ogre
  6516 | D:11     | Killed a two-headed ogre
  6879 | D:12     | Noticed a two-headed ogre
  6896 | D:12     | Killed a two-headed ogre
  6896 | D:12     | Reached skill level 10 in Axes
  6896 | D:12     | Reached skill level 10 in Invocations
  6955 | D:12     | Noticed a two-headed ogre
  6968 | D:12     | Killed a two-headed ogre
  6968 | D:12     | Reached **** piety under Makhleb
  7063 | D:12     | Found a shimmering blue altar of Sif Muna.
  7147 | D:12     | Found a staircase to the Orcish Mines.
  7331 | D:12     | Found Lurotwao's Demolitions Depot.
  7568 | D:13     | Noticed Rupert
  7584 | D:13     | Killed Rupert
  7603 | D:13     | Found a gate leading to a gauntlet.
  7622 | D:13     | Noticed a rakshasa
  7646 | D:13     | Killed a rakshasa
  7657 | Gauntlet | Entered a Gauntlet
  7657 | Gauntlet | Found a transporter.
  7657 | Gauntlet | Noticed a queen ant
  7667 | Gauntlet | Found a transporter.
  7669 | Gauntlet | Noticed a death scarab
  7675 | Gauntlet | Found a transporter.
  7677 | Gauntlet | Found a transporter.
  7680 | Gauntlet | Noticed a catoblepas
  7685 | Gauntlet | Found a transporter.
  7698 | Gauntlet | Noticed a green death
  7700 | Gauntlet | Found a runed translucent gate.
  7701 | Gauntlet | Found a transporter.
  7701 | Gauntlet | Found a runed translucent gate.
  7702 | Gauntlet | Found a runed translucent gate.
  7711 | Gauntlet | Found a transporter.
  7719 | Gauntlet | Noticed an obsidian statue
  7721 | Gauntlet | Found a transporter.
  7736 | Gauntlet | Found a transporter.
  7751 | Gauntlet | Found a transporter.
  7751 | Gauntlet | Found a transporter.
  7798 | Gauntlet | Found a transporter.
  7836 | Gauntlet | Found a transporter.
  7882 | Gauntlet | Killed a queen ant
  7882 | Gauntlet | Reached skill level 11 in Invocations
  7882 | Gauntlet | Reached XP level 12. HP: 92/114 MP: 7/7
  7943 | Gauntlet | Got a scintillating brass amulet
  7950 | Gauntlet | Got a steaming war axe
  7952 | Gauntlet | Identified the amulet "Niwkiomyrr" {Gourm *Slow rElec rF+
                  | Stlth+} (You found it in a Gauntlet)
  7953 | Gauntlet | Identified the +6 war axe of Checks and Balances {vorpal,
                  | rN++ Int-2} (You found it in a Gauntlet)
  7961 | Gauntlet | Noticed a minotaur
  7979 | Gauntlet | Killed a minotaur
  8003 | Gauntlet | Identified the Collected Works on Unholy Arts
  8289 | D:7      | Bought a +3 ring of slaying for 630 gold pieces
  8404 | Lair:1   | Entered Level 1 of the Lair of Beasts
  9607 | Lair:3   | Noticed a six-headed hydra
  9620 | Lair:3   | HP: 2/116 [11-headed hydra (8)]
  9631 | Lair:3   | Killed an 11-headed hydra
  9892 | Lair:3   | Reached skill level 12 in Invocations
  9998 | Lair:3   | Noticed a catoblepas
 10012 | Lair:3   | Killed a catoblepas
 10172 | Lair:3   | Found a staircase to the Snake Pit.
 10634 | Lair:4   | Reached skill level 10 in Fighting
 10807 | Lair:4   | Found a staircase to the Shoals.
 10969 | Snake:1  | Entered Level 1 of the Snake Pit
 11088 | Snake:2  | Reached XP level 13. HP: 87/123 MP: 5/5
 11168 | Snake:3  | Reached ***** piety under Makhleb
 11174 | Snake:3  | Reached skill level 13 in Invocations
 11321 | Snake:4  | Entered Level 4 of the Snake Pit
 11347 | Snake:4  | Noticed a nagaraja
 11372 | Snake:4  | Killed a nagaraja
 11496 | Snake:4  | Noticed Saint Roka
 11506 | Snake:4  | Gained mutation: You resist negative energy. (rN+) [Deep
                  | Dwarf growth]
 11506 | Snake:4  | Reached XP level 14. HP: 75/135 MP: 1/1
 11512 | Snake:4  | Reached skill level 14 in Invocations
 11537 | Snake:4  | Killed Saint Roka
 11537 | Snake:4  | Reached skill level 10 in Armour
 11537 | Snake:4  | Reached skill level 10 in Shields
 11564 | Snake:4  | Noticed a nagaraja
 11580 | Snake:4  | Killed a nagaraja
 11687 | Snake:4  | Quit the game

Levels and vault maps discovered:
D:1:      scummos_arrival_star, layout_loops_corners, roderic_serpentine_path,
          chequers_arboretum, tso_altar
D:2:      layout_rooms, okawaru_trees_2, kennysheep_cluttered_room, uniq_sigmund
D:3:      layout_basic, uniq_terence, uniq_robin
D:4:      layout_rooms, makhleb_blood_cavern_becter,
          minmay_temple_entry_nine_rooms, first_ration, uniq_eustachio,
          uniq_edmund
D:5:      layout_basic, nicolae_overflow_hidden_temple
D:6:      layout_cave_pools, led_sif_book, slow_altar_2, elyvilon_altar_1,
          minmay_bent
D:7:      layout_loops_corners, lemuel_coloured_pillars_altar,
          lemuel_doored_altar, overflow_temple_1_default, serial_shops, shop,
          uniq_duvessa
D:8:      layout_loops_cross
D:9:      layout_basic, kennysheep_little_box, the_bakery, uniq_erolcha,
          uniq_erica
D:10:     layout_loops_cross, david_lair_generic, serial_shops,
          nicolae_shop_overgrown_old_shop, evilmike_minifort
D:11:     layout_basic, chequers_serial_rivers_large_a, minmay_misc_feat_iff,
          chequers_serial_rivers_micro_d
D:12:     layout_long_grid, david_orc_3, basic_altar, minmay_misc_feat_tiny,
          nicolae_blasting_shop
D:13:     layout_rooms, gauntlet_entry_generic, uniq_rupert
Temple:   nicolae_temple_hex_pool
Lair:1:   layout_cave_shapes, uniq_grum, uniq_urug, uniq_maggie
Lair:2:   layout_cave_pods, hibernation_bobbens
Lair:3:   layout_small_grid, dummy_snake_entry
Lair:4:   layout_hall_layers, minmay_shoals_entry_centaurs,
          minmay_lair_oklob_chamber, grunt_megastairs_5, serial_bayou_shore_b
Snake:1:  layout_onion_interference
Snake:2:  layout_basic, basic_altar, uniq_vashnia
Snake:3:  layout_onion_interference
Snake:4:  snake_pit_salamanders_mu, layout_rooms,
          portal_ice_cave_entry_horrid_things, uniq_saint_roka

Skill      XL: |  1  2  3  4  5  6  7  8  9 10 11 12 13 14 |
---------------+-------------------------------------------+-----
Fighting       | 3 4 5 6 7 8 9 10 11 | 11.6
Axes           | 3 4 5 6 8 9 10 11 12 13 | 13.4
Dodging        | 1 2 3 4 5 6 7 8 9 |  9.4
Armour         | 4 5 6 7 8 9 10 | 10.2
Shields        | 4 5 6 7 8 9 10 | 10.1
Invocations    | 2 5 7 9 11 12 13 14 | 14.5

Action                   |  1- 3 |  4- 6 |  7- 9 | 10-12 | 13-15 || total
-------------------------+-------+-------+-------+-------+-------++-------
Melee: War axe           |   100 |   185 |   309 |   214 |   240 ||  1048
       Hand axe          |       |       |   177 |   620 |       ||   797
Invok: Lesser Servant of |       |       |       |    10 |     1 ||    11
 Abil: Heal Wounds       |       |     6 |    17 |    50 |    25 ||    98
Evoke: Wand              |       |       |       |     1 |     3 ||     4
       Lamp of fire      |       |       |       |       |     1 ||     1
  Use: Scroll            |       |       |    15 |     7 |     1 ||    23
       Potion            |       |       |       |     2 |     5 ||     7
 Stab: Distracted        |       |       |       |     2 |       ||     2
  Eat: Chunk             |       |     1 |    10 |    34 |       ||    45
       Ration            |       |       |     1 |       |       ||     1
Armor: Chain mail        |    72 |   186 |   207 |   229 |       ||   694
       Scale mail        |     8 |       |       |       |       ||     8
       Gold dragon scale |       |       |       |   253 |   267 ||   520
Dodge: Dodged            |    34 |    96 |   140 |   289 |    98 ||   657
Block: Kite shield       |    87 |   224 |   326 |   642 |   260 ||  1539
       Reflection        |       |     2 |     5 |    15 |    21 ||    43

Table legend:
 A = Non-vault XP
 B = Vault XP
 C = Vault XP percentage of total XP
 D = Non-vault monster count
 E = Vault monster count
 F = Vault count percentage of total count
                 A         B        C        D         E       F
            +---------+---------+-------+---------+---------+-------
      Total |   63139 |   17698 |  21.9 |     342 |      61 |  15.1
            +---------+---------+-------+---------+---------+-------
        D:1 |       7 |       0 |   0.0 |       4 |       0 |   0.0
        D:2 |      37 |       0 |   0.0 |      12 |       0 |   0.0
        D:3 |      80 |       0 |   0.0 |      13 |       0 |   0.0
        D:4 |     435 |     426 |  49.5 |      22 |       3 |  12.0
        D:5 |     358 |       0 |   0.0 |      15 |       0 |   0.0
        D:6 |     412 |      99 |  19.4 |       9 |       5 |  35.7
        D:7 |    1373 |     225 |  14.1 |      35 |       2 |   5.4
        D:8 |     277 |       0 |   0.0 |       4 |       0 |   0.0
        D:9 |    2772 |    1713 |  38.2 |      29 |       3 |   9.4
       D:10 |    1144 |    1135 |  49.8 |      16 |       6 |  27.3
       D:11 |    4629 |       0 |   0.0 |      41 |       0 |   0.0
       D:12 |    2800 |     190 |   6.4 |      19 |       6 |  24.0
       D:13 |    4035 |    1841 |  31.3 |      20 |       1 |   4.8
     Lair:1 |     255 |       0 |   0.0 |       2 |       0 |   0.0
     Lair:2 |    2286 |       0 |   0.0 |      10 |       0 |   0.0
     Lair:3 |    2763 |       0 |   0.0 |       8 |       0 |   0.0
     Lair:4 |    2283 |    1550 |  40.4 |      14 |      10 |  41.7
    Snake:1 |     610 |       0 |   0.0 |       1 |       0 |   0.0
    Snake:2 |    2113 |       0 |   0.0 |       7 |       0 |   0.0
    Snake:3 |   15694 |       0 |   0.0 |      30 |       0 |   0.0
    Snake:4 |   18776 |    7571 |  28.7 |      31 |      11 |  26.2
   Gauntlet |       0 |    2948 | 100.0 |       0 |      14 | 100.0
            +---------+---------+-------+---------+---------+-------
